[Event "Eurasia Open Cup 2018"]
[Site "Jekaterienburg"]
[Date "2018.08.08"]
[Round "7"]
[White "Timofeev, Artyom"]
[Black "Dilmukhametov, Artur"]
[Result "1-0"]
[ECO "D44"]
[WhiteElo "2590"]
[BlackElo "2354"]
[Annotator "RC"]
[PlyCount "91"]
[EventDate "2018.08.01"]
[EventType "swiss"]
[EventCountry "RUS"]
[SourceTitle "playchess.com"]
[Source "ChessBase"]
[SourceQuality "1"]
[TimeControl "5400+30"]

1. d4 d5 2. c4 c6 3. Nf3 Nf6 4. Nc3 dxc4 5. a4 e6 6. e4 Bb4 7. Bg5 Qa5 8. Bd2 O-O 9. Bxc4 c5 10. dxc5 Qxc5 11. Qe2 Nc6 12. O-O e5 13. Be3 Nd4 14. Bxd4 exd4 15. Nd5 Nxd5 16. Bxd5 Be6 17. Bxe6 fxe6 18. Rac1 Qd6 19. Qc4 Rad8 20. Rfd1 Rxf3 21. gxf3 d3 22. e5 Qe7 23. Qe4 d2 24. Rc4 a5 25. h4 h6 26. Rd4 Rxd4 27. Qxd4 Qe8 28. Qc4 Qxa4 29. Qxe6+ Kh7 30. b3 Qb5 31. Qf5+ Kg8 32. Qe4 Kf7 33. f4 Bc3 34. Qf3 Qd7 35. Kf1 Qb5+ 36. Kg2 Qd7 37. Kg3 Bb4 38. Qe4 Ke7 39. f5 Qc7 40. f6+ gxf6 41. Qh7+ Kd8 42. Qxc7+ Kxc7 43. exf6 Kd6 44. Kf3 Ke6 45. Ke2 Kxf6 46. Rg1 1-0

[Event "Eurasia Open Cup 2018"]
[Site "Jekaterienburg"]
[Date "2018.08.08"]
[Round "7"]
[White "Rozum, Ivan"]
[Black "Tsydypov, Zhamsaran"]
[Result "1-0"]
[ECO "A86"]
[WhiteElo "2581"]
[BlackElo "2514"]
[Annotator "ChessBase"]
[PlyCount "93"]
[EventDate "2018.08.01"]
[EventType "swiss"]
[EventCountry "RUS"]
[SourceTitle "playchess.com"]
[Source "ChessBase"]
[SourceQuality "1"]
[TimeControl "5400+30"]

1. c4 f5 2. d4 Nf6 3. g3 g6 4. Bg2 Bg7 5. Nh3 e6 6. Nf4 O-O 7. Nc3 d6 8. Qb3 c6 9. d5 Na6 10. dxe6 Nc5 11. Qc2 g5 12. Nd3 Nxe6 13. h4 h6 14. hxg5 hxg5 15. Kf1 Bd7 16. Ne1 Ng4 17. Nf3 Qe7 18. Qd2 Bf6 19. Bh3 Rae8 20. e4 Nxf2 21. Qxf2 fxe4 22. Nxe4 Nd4 23. Bxd7 Qxe4 24. Bxe8 Rxe8 25. Qe3 Qg6 26. Rh6 Qf7 27. Qf2 Qxc4+ 28. Kg1 Re2 29. Qf1 Nf5 30. Rg6+ Kh7 31. Rxg5 Bxg5 32. Nxg5+ Kg6 33. Bf4 Qd4+ 34. Kh1 Qh8+ 35. Qh3 Qxh3+ 36. Nxh3 Rxb2 37. g4 Nh6 38. Bxh6 Kxh6 39. Re1 Rxa2 40. Re6+ Kg7 41. Rxd6 Rb2 42. g5 Rb4 43. Kg2 a5 44. Kf3 a4 45. Nf4 a3 46. Nh5+ Kf8 47. g6 1-0

[Event "Eurasia Open Cup 2018"]
[Site "Jekaterienburg"]
[Date "2018.08.08"]
[Round "7"]
[White "Kabanov, Nikolai"]
[Black "Grachev, Alexey"]
[Result "1-0"]
[ECO "D02"]
[WhiteElo "2475"]
[BlackElo "2277"]
[Annotator "ChessBase"]
[PlyCount "109"]
[EventDate "2018.08.01"]
[EventType "swiss"]
[EventCountry "RUS"]
[SourceTitle "playchess.com"]
[Source "ChessBase"]
[SourceQuality "1"]
[TimeControl "5400+30"]

1. Nf3 d5 2. d4 Nf6 3. Bf4 c5 4. e3 Nc6 5. c3 e6 6. Nbd2 cxd4 7. exd4 Nh5 8. Be3 Bd6 9. Ne5 Nf6 10. f4 Ne7 11. Bd3 Nf5 12. Bf2 h5 13. Qe2 g6 14. Ndf3 Ng4 15. O-O-O Nxf2 16. Qxf2 Bd7 17. Kb1 b5 18. g3 b4 19. c4 dxc4 20. Bxc4 Ne7 21. Ng5 Bxe5 22. dxe5 Qc7 23. Ne4 Kf8 24. Nd6 Bc6 25. Rhe1 Kg7 26. Qd2 Rab8 27. f5 Nxf5 28. Qg5 Rhf8 29. Bd3 Nxd6 30. Qf6+ Kg8 31. exd6 Qd7 32. Bc4 Rfe8 33. Re5 Qd8 34. Qf4 Rb6 35. h4 Kg7 36. Qd4 Kg8 37. Qf4 Kg7 38. Rf1 Rb7 39. g4 Qxh4 40. Rg5 hxg4 41. Rxg4 Qh6 42. Qe5+ Kg8 43. Bd3 b3 44. a3 f5 45. Rg3 Kf7 46. Bc4 Qh5 47. Rfg1 Bd7 48. Rg5 Qh7 49. Be2 Qh8 50. Rxf5+ exf5 51. Bc4+ Be6 52. Bxe6+ Rxe6 53. Qxh8 Rb5 54. d7 Rbe5 55. d8=N+ 1-0

[Event "Eurasia Open Cup 2018"]
[Site "Jekaterienburg"]
[Date "2018.08.08"]
[Round "7"]
[White "Badmatsyrenov, Oleg"]
[Black "Sorokin, Aleksey"]
[Result "1/2-1/2"]
[ECO "B19"]
[WhiteElo "2454"]
[BlackElo "2519"]
[Annotator "RC"]
[PlyCount "137"]
[EventDate "2018.08.01"]
[EventType "swiss"]
[EventCountry "RUS"]
[SourceTitle "playchess.com"]
[Source "ChessBase"]
[SourceQuality "1"]
[TimeControl "5400+30"]

1. e4 c6 2. d4 d5 3. Nc3 dxe4 4. Nxe4 Bf5 5. Ng3 Bg6 6. h4 h6 7. Nf3 Nd7 8. h5 Bh7 9. Bd3 Bxd3 10. Qxd3 e6 11. Bd2 Ngf6 12. O-O-O Be7 13. Qe2 c5 14. dxc5 Qc7 15. Rh4 Bxc5 16. Ne4 Nxe4 17. Rxe4 Nf6 18. Rc4 b5 19. Rc3 Qb6 20. Rb3 a6 21. Ne5 Rd8 22. Rg3 Rg8 23. Rf3 Rd5 24. Bc3 b4 25. Rxd5 Nxd5 26. Bd2 f6 27. Nd3 Kd7 28. Nxc5+ Qxc5 29. Qxa6 Rc8 30. Qd3 Rc7 31. Kd1 Qc6 32. Kc1 Kc8 33. Kb1 Rd7 34. Qe2 Rc7 35. Be1 e5 36. g3 Ra7 37. a3 bxa3 38. Rxa3 Rxa3 39. bxa3 Kb7 40. Bd2 e4 41. Kb2 Qb6+ 42. Ka1 f5 43. Qc4 Qc6 44. Qb3+ Ka6 45. Ka2 Qc5 46. Be3 Nxe3 47. fxe3 Qc7 48. Qa4+ Kb7 49. Qb4+ Ka8 50. Qa4+ Kb7 51. Qb5+ Ka7 52. Kb2 Qxg3 53. Qc5+ Kb7 54. a4 g5 55. Qd5+ Ka7 56. Qc5+ Ka6 57. Qc6+ Ka7 58. Qxh6 Qe5+ 59. c3 f4 60. Qh7+ Kb6 61. h6 fxe3 62. Qg7 Qxg7 63. hxg7 e2 64. g8=Q e1=Q 65. Qxg5 e3 66. Qb5+ Ka7 67. Qd7+ Ka6 68. Qd3+ Ka7 69. Qd7+ 1/2-1/2

[Event "Eurasia Open Cup 2018"]
[Site "Jekaterienburg"]
[Date "2018.08.08"]
[Round "7"]
[White "Shinkevich, Vitaly"]
[Black "Kolomensky, Vladimir"]
[Result "1/2-1/2"]
[ECO "A18"]
[WhiteElo "2437"]
[BlackElo "2104"]
[Annotator "NA"]
[PlyCount "81"]
[EventDate "2018.08.01"]
[EventType "swiss"]
[EventCountry "RUS"]
[SourceTitle "playchess.com"]
[Source "ChessBase"]
[SourceQuality "1"]
[TimeControl "5400+30"]

1. c4 Nf6 2. Nc3 e6 3. e4 d5 4. e5 d4 5. exf6 dxc3 6. bxc3 Qxf6 7. Nf3 c5 8. Bd3 Bd7 9. Be4 Bc6 10. Qc2 Bxe4 11. Qxe4 Nc6 12. O-O Qg6 13. Qf4 O-O-O 14. d4 Bd6 15. Qe3 $11 e5 16. d5 Na5 17. Nd2 b6 18. Ne4 h6 19. f4 exf4 20. Qh3+ Kb7 21. Nxd6+ Qxd6 22. Rxf4 f6 23. Rg4 Qd7 24. Qf3 g5 25. Re4 f5 26. Re6 Rde8 27. h4 f4 28. Qe4 Rxe6 29. dxe6+ Qc6 30. Qg6 Re8 31. Qxh6 gxh4 32. Bxf4 Rxe6 33. Qxh4 Re2 34. Qg4 Qe4 35. Rd1 Nxc4 36. a4 Ne5 37. Qg7+ Ka6 38. Bxe5 Re1+ 39. Rxe1 Qxe1+ 40. Kh2 Qh4+ 41. Kg1 1/2-1/2

[Event "Eurasia Open Cup 2018"]
[Site "Jekaterienburg"]
[Date "2018.08.08"]
[Round "7"]
[White "Drygalov, Sergey"]
[Black "Maletina, Tatiana"]
[Result "1-0"]
[ECO "D12"]
[WhiteElo "2433"]
[BlackElo "2231"]
[Annotator "NA"]
[PlyCount "109"]
[EventDate "2018.08.01"]
[EventType "swiss"]
[EventCountry "RUS"]
[SourceTitle "playchess.com"]
[Source "ChessBase"]
[SourceQuality "1"]
[TimeControl "5400+30"]

1. d4 d5 2. c4 c6 3. Nf3 Nf6 4. e3 Bf5 5. Nc3 e6 6. Nh4 Bg6 7. Nxg6 hxg6 8. g3 {[%emt 0:00:04] D12: Slav Defence: 3 Nf3 Nf6 4 e3 Bf5} (8. h3 Nbd7 9. Bd3 Bd6 10. O-O Qe7 11. e4 dxe4 12. Bxe4 O-O 13. Bg5 Qd8 14. Re1 Qc7 15. Qf3 Bb4 {1-0 (38) Kramnik,V (2808)-Giri,A (2771) Leuven 2017}) 8... Nbd7 9. Qe2 Bb4 10. Bg2 Nb6 11. c5 Nbd7 12. O-O Kf8 $146 ({Predecessor:} 12... O-O 13. Bd2 e5 14. a3 exd4 15. exd4 Re8 {½-½ (32) Shariyazdanov,A (2562)-Tukmakov,V (2566) Biel 2002}) 13. Nd1 e5 14. a3 Ba5 15. b4 Bc7 16. b5 Qc8 17. f4 e4 18. Bd2 Ng8 19. Nf2 Ne7 $14 20. Ng4 f6 21. Rab1 Kf7 22. Rb2 Nf8 23. h4 Ne6 24. Bh3 Nf5 25. Qf2 Ke7 26. Nh2 Qd7 27. Rfb1 b6 28. cxb6 Bxb6 29. bxc6 Qxc6 30. Rc1 Qa4 31. Nf1 Kf7 32. Bxf5 gxf5 33. Bb4 Rac8 34. Rbc2 Rxc2 35. Qxc2 Qxc2 36. Rxc2 g5 37. Rh2 Kg6 38. a4 Rb8 39. Be1 Bc7 40. Rc2 Rb1 41. Kf2 gxf4 42. gxf4 Bxf4 43. Rc6 Bxe3+ 44. Nxe3 Nxd4 45. Ra6 f4 46. Nxd5 e3+ 47. Kf1 e2+ 48. Kf2 f3 49. Ne3 Rd1 50. Rd6 Rd3 51. Nc2 Rd1 52. Rxd4 Rc1 53. Rc4 Kf5 54. Kxf3 Ke5 55. Kxe2 1-0

[Event "Eurasia Open Cup 2018"]
[Site "Jekaterienburg"]
[Date "2018.08.08"]
[Round "7"]
[White "Nesterov, Arseniy"]
[Black "Khanin, Semen"]
[Result "0-1"]
[ECO "D37"]
[WhiteElo "2355"]
[BlackElo "2494"]
[Annotator "ChessBase"]
[PlyCount "116"]
[EventDate "2018.08.01"]
[EventType "swiss"]
[EventCountry "RUS"]
[SourceTitle "playchess.com"]
[Source "ChessBase"]
[SourceQuality "1"]
[TimeControl "5400+30"]

1. d4 Nf6 2. c4 e6 3. Nf3 a6 4. Nc3 d5 5. cxd5 exd5 6. Bg5 Be6 7. e3 Nbd7 8. Bd3 Bd6 9. O-O O-O 10. Qc2 h6 11. Bf4 Qe7 12. Rac1 c6 13. Na4 Rfe8 14. Bxd6 Qxd6 15. Nc5 Nxc5 16. Qxc5 Qxc5 17. dxc5 a5 18. a4 g6 19. Nd4 Kg7 20. f3 Bd7 21. Kf2 Nh7 22. g4 Ng5 23. h4 Ne6 24. Rc3 Reb8 25. b3 b6 26. cxb6 Rxb6 27. Bc2 Kf6 28. Rd1 Ke7 29. e4 Nxd4 30. Rxd4 Be6 31. f4 dxe4 32. Rxe4 Kd6 33. Rd4+ Bd5 34. Be4 Rd8 35. Rcd3 Kc5 36. Ke3 Re8 37. Rc3+ Kd6 38. Kd3 Rb4 39. Rxc6+ Kxc6 40. Bxd5+ Kc5 41. Rxb4 Kxb4 42. Bxf7 Rf8 43. Bxg6 Rxf4 44. g5 Rxh4 45. gxh6 Kxb3 46. Be8 Rxh6 47. Kd4 Rd6+ 48. Kc5 Rd8 49. Bb5 Kc3 50. Bf1 Rf8 51. Bh3 Rh8 52. Bd7 Rh5+ 53. Kd6 Kb4 54. Be8 Rh8 55. Bb5 Rb8 56. Kc6 Rd8 57. Kc7 Rd5 58. Be8 Re5 0-1

[Event "Eurasia Open Cup 2018"]
[Site "Jekaterienburg"]
[Date "2018.08.08"]
[Round "7"]
[White "Obgolts, Erik"]
[Black "Shaposhnikov, Evgeny"]
[Result "0-1"]
[ECO "C00"]
[WhiteElo "2334"]
[BlackElo "2588"]
[Annotator "ChessBase"]
[PlyCount "162"]
[EventDate "2018.08.01"]
[EventType "swiss"]
[EventCountry "RUS"]
[SourceTitle "playchess.com"]
[Source "ChessBase"]
[SourceQuality "1"]
[TimeControl "5400+30"]

1. e4 c5 2. Nf3 e6 3. g3 Nf6 4. Qe2 Nc6 5. Bg2 g6 6. O-O Bg7 7. c3 e5 8. d3 O-O 9. Be3 b6 10. c4 d6 11. Nc3 h6 12. h3 Bd7 13. Qd2 Kh7 14. a3 Nh5 15. Qd1 Be8 16. Nd5 Ne7 17. Nxe7 Qxe7 18. Bd2 Rd8 19. Ne1 f5 20. Nc2 f4 21. g4 Nf6 22. a4 Kg8 23. b4 Nh7 24. b5 Qh4 25. f3 Qe7 26. Be1 Bf6 27. Na3 h5 28. Nb1 Kg7 29. Nc3 Bf7 30. Kf2 hxg4 31. hxg4 Rh8 32. Rh1 Ng5 33. Rxh8 Rxh8 34. Kf1 Qd8 35. a5 Rh2 36. Ne2 Qh8 37. Ng1 Bd8 38. axb6 Bxb6 39. Bf2 Be6 40. Ra2 Qh7 41. Ra1 Bd7 42. Ra2 Ne6 43. Ne2 Ng5 44. Ng1 Qh8 45. Ra1 Qc8 46. Ra2 Nf7 47. Ra1 Nh6 48. Ra2 Ng8 49. Ra1 Nf6 50. Ra2 g5 51. Ra6 Kg6 52. Ra2 Be6 53. Ra1 Nxg4 54. fxg4 Bxg4 55. Qa4 Qh8 56. Ra2 Qh5 57. Qa6 f3 58. Bxf3 Bxf3 59. Qc8 Bg4 60. Qg8+ Kf6 61. Qf8+ Ke6 62. Qg8+ Kd7 63. Qg7+ Kc8 64. Rxa7 Bxa7 65. Qxa7 Be6 66. Ke1 Qf7 67. Qxf7 Bxf7 68. Ne2 Bh5 69. Ng3 Bg4 70. Kf1 Bh3+ 71. Ke2 Kd7 72. Kf3 Be6 73. Ke2 g4 74. Ke3 Rh8 75. Be1 Rf8 76. Ke2 Ke7 77. Bd2 Ra8 78. Bg5+ Kf7 79. Ke3 Ra3 80. Ke2 Bxc4 81. Nf5 Bxd3+ 0-1

[Event "Eurasia Open Cup 2018"]
[Site "Jekaterienburg"]
[Date "2018.08.08"]
[Round "7"]
[White "Gusarov, Aleksey"]
[Black "Yeletsky, Ivan"]
[Result "1/2-1/2"]
[ECO "A21"]
[WhiteElo "2238"]
[BlackElo "2412"]
[Annotator "NA"]
[PlyCount "167"]
[EventDate "2018.08.01"]
[EventType "swiss"]
[EventCountry "RUS"]
[SourceTitle "playchess.com"]
[Source "ChessBase"]
[SourceQuality "1"]
[TimeControl "5400+30"]

1. c4 e5 2. Nc3 Bb4 3. g3 Bxc3 4. bxc3 Ne7 5. Bg2 O-O 6. Nh3 h6 7. O-O d5 8. cxd5 Nxd5 9. c4 Nb6 10. d3 Be6 11. Kh1 Qd7 12. Ng1 Nc6 13. Bb2 Rad8 14. Rc1 Rfe8 15. Qc2 f6 16. h3 $11 Ne7 17. Kh2 Qa4 18. Bxb7 c6 19. Qxa4 Nxa4 20. Ba3 Rb8 21. Rb1 Nc3 22. Rb3 Nb5 23. Bxe7 Nd4 24. Bxc6 Nxc6 25. Bc5 Rxb3 26. axb3 Rb8 27. b4 Nxb4 28. Bxa7 Ra8 29. Bc5 Nc2 30. Rb1 Ra2 31. Rb6 Kf7 32. Rb7+ Kg8 33. Re7 Bf7 34. g4 Ra1 35. Nf3 Ne1 36. Ng1 Bg6 37. Ra7 Rd1 38. f3 Nc2 39. Ra2 Rc1 40. Ba3 Nxa3 41. Rxa3 h5 42. gxh5 Bxh5 43. h4 Rc2 44. Kg3 Kh7 45. Kf2 Rc1 46. Ra2 Be8 47. Kg2 Bc6 48. Ra6 Bd7 49. Rd6 Ba4 50. Kf2 Kg6 51. Rd8 Kh7 52. f4 e4 53. dxe4 Rxc4 54. Ke3 Bc6 55. Rd4 Rc3+ 56. Kf2 Kg6 57. Nf3 Kh5 58. e5 Kg4 59. Ne1 Kxh4 60. exf6 gxf6 61. Rd6 f5 62. Nd3 Be4 63. Ne5 Kh5 64. Rb6 Ra3 65. Nc4 Rh3 66. Ne5 Ra3 67. Rb8 Kh6 68. Rg8 Kh7 69. Rg1 Ra7 70. Rg3 Rb7 71. Rg5 Kh6 72. Nc4 Rg7 73. Rxg7 Kxg7 74. Ke3 Kf6 75. Kd4 Bg2 76. Ne5 Ke6 77. Kc5 Bf1 78. e3 Bg2 79. Nc6 Be4 80. Nd4+ Ke7 81. Nb5 Ke6 82. Kb6 Bd3 83. Nc3 Kd6 84. Nd1 1/2-1/2

[Event "Eurasia Open Cup 2018"]
[Site "Jekaterienburg"]
[Date "2018.08.08"]
[Round "7"]
[White "Marchuk, Rostislav"]
[Black "Popov, Mikhail"]
[Result "0-1"]
[ECO "E61"]
[WhiteElo "2155"]
[BlackElo "2401"]
[Annotator "NA"]
[PlyCount "93"]
[EventDate "2018.08.01"]
[EventType "swiss"]
[EventCountry "RUS"]
[SourceTitle "playchess.com"]
[Source "ChessBase"]
[SourceQuality "1"]
[TimeControl "5400+30"]

1. d4 g6 2. Nf3 d6 3. c4 Nf6 4. Nc3 Bf5 5. d5 Bg7 6. Nd4 Bd7 7. e4 O-O 8. Be2 e6 9. O-O exd5 10. exd5 Re8 11. Bf3 a5 12. h3 Na6 13. Be3 Nc5 14. Re1 Nfe4 15. Qc2 $11 Nxc3 16. Qxc3 Qh4 17. Qd2 Ne4 18. Bxe4 Rxe4 19. Nf3 Qh5 20. Bd4 Rxe1+ 21. Rxe1 Bxh3 22. Bxg7 Qg4 23. Qg5 Kxg7 24. Re7 Rc8 25. Kh2 h6 26. Qxg4 Bxg4 27. Nd4 Kf6 28. Re3 Bd7 29. Kg3 Re8 30. Rxe8 Bxe8 31. f4 Bd7 32. Kf3 h5 33. g3 g5 34. Ke3 Kg6 35. Ke4 h4 36. fxg5 h3 37. Nf3 Bg4 38. Nh2 Kxg5 39. Kd4 b6 40. b3 Bd1 41. Ke3 Bc2 42. Kd2 Bb1 43. Kc1 Be4 44. Kd2 f5 45. Ke3 Bb1 46. a3 Ba2 47. Kd4 0-1

[Event "Eurasia Open Cup 2018"]
[Site "Jekaterienburg"]
[Date "2018.08.08"]
[Round "7"]
[White "Isanzhulov, Arystan"]
[Black "Kopylov, Alexander A"]
[Result "1/2-1/2"]
[ECO "C47"]
[WhiteElo "2146"]
[BlackElo "2421"]
[Annotator "NA"]
[PlyCount "101"]
[EventDate "2018.08.01"]
[EventType "swiss"]
[EventCountry "RUS"]
[SourceTitle "playchess.com"]
[Source "ChessBase"]
[SourceQuality "1"]
[TimeControl "5400+30"]

1. e4 e5 2. Nf3 Nc6 3. d4 exd4 4. Nxd4 Nf6 5. Nxc6 bxc6 6. Nc3 Bb4 7. Bd3 d5 8. exd5 O-O 9. O-O cxd5 10. h3 {[%emt 0:00:20] C47: Scotch Four Knights and Four Knights with 4 g3} (10. Bg5 c6 11. Qf3 Bd6 12. Rae1 Rb8 13. Nd1 h6 14. Bxf6 Qxf6 15. Qxf6 gxf6 16. b3 Be6 17. Ne3 Bb4 18. Rd1 Rfe8 19. Nf5 Bxf5 20. Bxf5 Re5 21. f4 {½-½ (30) Wei,Y (2734)-Yu,Y (2759) Hangzhou 2018}) 10... c6 11. Qf3 Rb8 12. Bf4 Bd6 13. b3 Qc7 14. Ne2 Re8 15. Rfe1 Bd7 16. Qg3 Be5 $146 ({Predecessor:} 16... Bxf4 17. Qxf4 Qa5 {1-0 (70) Serefidou,D (1971)-Coimbra,M (2093) Belgrade 2013}) 17. Bxe5 Rxe5 18. Nd4 Rxe1+ 19. Rxe1 Qxg3 20. fxg3 c5 $11 21. Nf3 a5 22. g4 h6 23. g5 hxg5 24. Nxg5 Kf8 25. Nf3 a4 26. Nd2 Be6 27. c4 dxc4 28. Bxc4 Bxc4 29. Nxc4 axb3 30. Rb1 Nd5 31. Rxb3 Rxb3 32. axb3 Ke7 33. Kf2 Ke6 34. Kf3 Ne7 35. g4 g5 36. Nd2 Nc6 37. Ke4 f6 38. Nc4 Ne5 39. Ne3 Nc6 40. Nf5 Na5 41. h4 gxh4 42. Nxh4 Nxb3 43. Nf5 Na5 44. Ng7+ Kf7 45. Nh5 Kg6 46. Nf4+ Kg5 47. Ne6+ Kxg4 48. Nxc5 f5+ 49. Ke3 Kg3 50. Ne4+ fxe4 51. Kxe4 1/2-1/2